 Dungeon Crawl Stone Soup version 0.30-a0-870-gc5d4c5acee (webtiles) character file.

Game seed: 10228380794179531615

148 Grim the Shooter (level 5, -16/28 HPs)
             Began as a Deep Elf Hexslinger on Mar 11, 2023.
             Was an Initiate of Gozag.
             Demolished by a goblin
             ... wielding a +0 dagger of electrocution
              (19 damage)
             ... on level 4 of the Dungeon.
             The game lasted 00:05:53 (3355 turns).

Grim the Shooter (Deep Elf Hexslinger)              Turns: 3355, Time: 00:05:54

Health: -16/28     AC:  2    Str:  7    XL:     5   Next: 8%
Magic:  9/9        EV: 13    Int: 18    God:    Gozag
Gold:   179        SH:  0    Dex: 17    Spells: 3/7 levels left

rFire   . . .      SeeInvis .    a - +1 sling
rCold   . . .      Faith    .    (no shield)
rNeg    . . .      Spirit   .    c - +0 robe
rPois   .          Reflect  .    (no helmet)
rElec   .          Rampage  .    (no cloak)
rCorr   .                        (no gloves)
Will    .....                    (no boots)
Stlth   ++                       (no amulet)
HPRegen 0.24/turn                i - ring of wizardry
MPRegen 0.11/turn                (no ring)

@: no status effects
A: no striking features
a: Renounce Religion, Potion Petition, Call Merchant, Bribe Branch


You were on level 4 of the Dungeon.
You worshipped Gozag.
Gozag was aware of your devotion.
You visited 2 branches of the dungeon, and saw 5 of its levels.

You collected 246 gold pieces.
You paid 67 gold pieces to Gozag.

Inventory:

Hand Weapons
 a - a +1 sling (weapon)
 b - a +0 quarterstaff
 o - a +1 short sword of speed
Armour
 c - a +0 robe (worn)
Jewellery
 i - a ring of wizardry (left hand)
Scrolls
 e - a scroll of enchant armour {unknown}
 f - 2 scrolls of fear {unknown}
 h - a scroll of identify {unknown}
 j - a scroll of enchant weapon {unknown}
 k - 4 scrolls of poison
 m - a scroll of silence {unknown}
 p - a scroll of blinking {unknown}
Potions
 d - a potion of haste {unknown}
 g - 2 potions of lignification
 l - 3 potions of flight {unknown}
 n - 3 potions of curing {unknown}
 q - a potion of degeneration {unknown}
 r - a potion of brilliance {unknown}


   Skills:
 - Level 0.7 Fighting
 - Level 0.9 Short Blades
 - Level 1.7 Staves
 + Level 5.8 Ranged Weapons
 - Level 2.4 Dodging
 - Level 1.5 Spellcasting
 * Level 4.6 Hexes


You had 3 spell levels left.
You knew the following spells:

 Your Spells              Type           Power      Damage    Failure   Level
a - Slow                  Hex            72%        N/A       1%          1
b - Confusing Touch       Hex            18%        N/A       3%          3

Your spell library contained the following spells:

 Spells                   Type           Power      Damage    Failure   Level
 Ensorcelled Hibernation  Hex/Ice        18%        N/A       4%          2
 Inner Flame              Hex/Fire       9%         N/A       9%          3
 Portal Projectile        Hex/Tloc       18%        N/A       9%          3
 Passwall                 Tmut/Erth      0%         N/A       12%         2
 Swiftness                Air            1%         N/A       22%         3
 Vampiric Draining        Necr           1%         2d6       22%         3
 Cause Fear               Hex            9%         N/A       12%         4


Dungeon Overview and Level Annotations

Branches:
Dungeon (4/15)             Temple (1/1) D:4

Altars:
Cheibriados
Dithmenos
Elyvilon
Gozag
Hepliaklqana
Kikubaaqudgha
Makhleb
Okawaru
Qazlal
Ru
Trog
Vehumet
Wu Jian
Xom
The Shining One

Shops:
D:4 [


Message History

Found a club.
There is an open door here.
An orc priest and a hobgoblin come into view.
The orc priest shouts!
The hobgoblin shouts!
You hear a shout!
You hear an angry hiss.
An orc comes into view. It is wielding a +0 whip of draining.
The orc priest moves out of view.
You shoot a sling bullet.
The sling bullet closely misses the hobgoblin.
The sling bullet closely misses the orc.
You hear a shout!
An orc comes into view. It is wielding a +0 club.
You shoot a sling bullet. The sling bullet hits the orc priest.
The orc priest is lightly wounded.
The orc priest miscasts a cantrip.
You close the door.
A hobgoblin opens the door.
There is an open door here.
The orc priest looks encouraged for a moment.
You close the door.
A hobgoblin breaks down the door.
The goblin hits you with a +0 dagger of electrocution.
Things that are here:
a +0 whip; a +0 dagger The goblin hits you with a +0 dagger of electrocution.
You are electrocuted!
Ouch! That really hurt!
* * * LOW HITPOINT WARNING * * *
The goblin attacks as you move away!
The goblin hits you with a +0 dagger of electrocution.
* * * LOW HITPOINT WARNING * * *
Things that are here:
a +0 dagger; a +0 chain mail; a +0 dagger The goblin attacks as you move away!
The goblin hits you with a +0 dagger of electrocution.
* * * LOW HITPOINT WARNING * * *
You are electrocuted!!
Ouch! That really hurt!
You die...
Your body crumbles into a pile of gold.

#..........## #.####....... #.#
######.. #.# ##. ..# #.# ## #.#
#.# # #.# ######.#### # ## #.#
#.........# ## .## #>#
#@####.##.# ##. .g## ###.# #g#
##.##.# ##.. ...## ##.#.# #)#
#..#..# ##...
....####....####.###.#...####..<.
....'....o..g..g)...........+....
....####.....###.........####....
...## ##....#######.##.## ##...
..## ###.##...###.########....
.## #.#..#..##.#####)#.####


You could see a hobgoblin and a goblin.

Vanquished Creatures
  A jelly (D:4)
  An iguana (D:4)
  An adder (D:2)
  2 dart slugs (D:2)
  3 orcs (D:4)
  6 ball pythons
  4 endoplasms
  2 giant cockroaches
  15 goblins
  8 hobgoblins
  3 jackals (D:1)
  5 kobolds
  5 quokkas
  6 bats
  3 frilled lizards (D:1)
  A rat (D:3)
66 creatures vanquished.

Notes
Turn   | Place    | Note
-------+----------+-------------------------------------------
     0 | D:1      | Grim the Deep Elf Hexslinger began the quest for the Orb.
     0 | D:1      | Reached XP level 1. HP: 11/11 MP: 5/5
    18 | D:1      | Reached skill level 3 in Ranged Weapons
   138 | D:1      | Reached XP level 2. HP: 16/16 MP: 6/6
   185 | D:1      | Reached skill level 4 in Ranged Weapons
   862 | D:2      | Reached XP level 3. HP: 19/20 MP: 7/7
   905 | D:2      | Reached skill level 5 in Ranged Weapons
  1583 | D:3      | Found a burning altar of Makhleb.
  2162 | D:3      | Found a stormy altar of Qazlal.
  2387 | D:4      | Reached skill level 1 in Staves
  2387 | D:4      | Reached XP level 4. HP: 24/24 MP: 8/8
  2473 | D:4      | Learned a level 3 spell: Confusing Touch
  2480 | D:4      | Found a staircase to the Ecumenical Temple.
  2503 | Temple   | Entered the Ecumenical Temple
  2612 | Temple   | Became a worshipper of Gozag Ym Sagoz the Greedy
  2641 | D:4      | Found Ori Noli's Antique Armour Shop.
  2941 | D:4      | Reached XP level 5. HP: 28/28 MP: 9/9
  3355 | D:4      | Demolished by a goblin

Illustrated notes

Levels and vault maps discovered:
D:1:      spicycebolla_arrival_ecumenical, layout_rooms
D:2:      layout_rooms, minmay_ruptured
D:3:      layout_basic, bloody_makhleb, mainiacjoe_overflow_brackets,
          serial_forest, infiniplex_forest_lined_room_3,
          infiniplex_forest_lined_ring, infiniplex_forest_clump_diagonal,
          infiniplex_forest_lined_room_2, infiniplex_forest_lined_corner,
          infiniplex_forest_join
D:4:      cheibrodos_greedy_goblins, layout_loops_corners,
          minmay_temple_entry_tees, serial_shops, nicolae_take_the_stairs
Temple:   nicolae_temple_god_jail

Skill      XL: |  1  2  3 |
---------------+----------+-----
Ranged Weapons | 3 4 5 |  5.8
Staves         | 1 |  1.7
Fighting       | |  0.7
Short Blades   | |  0.9
Dodging        | |  2.4
Spellcasting   | |  1.5
Hexes          | |  4.6

Action                     |  1- 3 |  4- 6 || total
---------------------------+-------+-------++-------
  Melee: Quarterstaff      |       |    49 ||    49
   Fire: Sling             |   151 |    30 ||   181
   Cast: Slow              |     6 |       ||     6
         Confusing Touch   |       |     4 ||     4
    Use: Potion            |     1 |       ||     1
 Armour: Robe              |    14 |    13 ||    27
         Skin              |    21 |       ||    21
  Dodge: Dodged            |    65 |    35 ||   100

Table legend: (Time is in decaauts)
 A = Elapsed time spent in this place.
 B = Non-inter-level travel time spent in this place.
 C = Inter-level travel time spent in this place.
 D = Time resting spent in this place.
 E = Time spent auto-exploring this place.
 F = Levels seen in this place.
 G = Mean time per level.
                   A        B        C        D        E       F      G
               +--------+--------+--------+--------+--------+-----+--------+
         Total |   3389 |   3305 |     84 |    604 |   2099 |   5 |  677.8 |
       Dungeon |   3264 |   3196 |     68 |    557 |   2053 |   4 |  816.0 |
        Temple |    125 |    109 |     16 |     47 |     46 |   1 |  125.0 |
               +--------+--------+--------+--------+--------+-----+--------+

Top non-repeatable levels by time:
     D:4: 897 daAuts
     D:3: 831 daAuts
     D:1: 809 daAuts
     D:2: 725 daAuts
  Temple: 125 daAuts
